Map: 큐리어스 마인즈 - 래더

Players

DPGZest (Zest) - Winner!

  • Race: Protoss Protoss

Bunny

  • Race: Terran Terran
  • League: Bronze

Event: StayAtHome Story Cup #4

VOD

Have the link to the VOD?

Description

Time

  • Played on: Oct. 22, 2021, 8:54 a.m.
  • Length: 8:02

All games in this series

Show
View Real Time Build Order
Export as new Build Order

DPGZest Protoss - Winner!

Build Orders: 1 Gate Expand, Oracle Opening, Phoenix Opening, Zealot Archon 

Get SALT Encoding   

  12  0:00  Probe  
  13  0:12  Probe  
  14  0:17  Pylon  
  14  0:24  Probe (Chrono Boost)  
  15  0:36  Probe (Chrono Boost)  
  15  0:37  Gateway  
  16  0:45  Probe (Chrono Boost)  
  16  0:48  Assimilator  
  17  0:51  Probe  
  18  1:03  Probe  
  19  1:15  Probe  
  20  1:24  Cybernetics Core  
  20  1:35  Nexus  
  20  1:38  Probe  
  21  1:45  Pylon  
  21  1:50  Probe  
  21  1:53  Assimilator  
  22  2:00  Adept (Chrono Boost)  
  22  2:04  Probe  
  25  2:16  Probe  
  25  2:17  Stargate  
  25  2:21  Adept (Chrono Boost)  
  26  2:28  Probe  
  29  2:32  Warp Gate  
  29  2:41  Probe  
  30  2:49  Probe  
  31  2:53  Probe  
  31  2:57  Oracle (Chrono Boost)  
  32  3:01  Probe  
  32  3:05  Probe  
  37  3:13  Probe  
  37  3:17  Probe  
  37  3:25  Probe, Phoenix (Chrono Boost)  
  40  3:28  Gateway  
  40  3:29  Probe  
  41  3:37  Probe  
  42  3:41  Pylon, Probe  
  42  3:44  Shield Battery  
  42  3:46  Phoenix (Chrono Boost)  
  45  3:49  Probe  
  46  3:59  Probe  
  46  4:01  Probe  
  48  4:09  Phoenix (Chrono Boost)  
  48  4:10  Nexus  
  48  4:12  Probe  
  48  4:16  Probe  
  52  4:18  Pylon  
  52  4:24  Assimilator, Probe  
  53  4:27  Assimilator  
  53  4:28  Probe  
  54  4:34  Twilight Council  
  54  4:36  Probe, Phoenix  
  54  4:37  Forge  
  57  4:41  Probe (Chrono Boost)  
  58  4:52  Pylon  
  60  4:53  Probe x2 (Chrono Boost)  
  60  5:00  Probe (Chrono Boost)  
  60  5:02  Probe (Chrono Boost)  
  62  5:07  Probe  
  62  5:08  Protoss Ground Weapons Level 1  
  62  5:13  Probe  
  62  5:15  Charge (Chrono Boost)  
  62  5:19  Probe  
  62  5:21  Gateway  
  63  5:23  Gateway, Templar Archives  
  63  5:24  Gateway, Probe  
  63  5:28  Sentry  
  66  5:29  Zealot  
  66  5:30  Probe  
  66  5:34  Gateway  
  69  5:38  Pylon  
  69  5:39  Probe  
  69  5:40  Probe  
  71  5:54  Phoenix (Chrono Boost)  
  71  5:55  Probe x2  
  75  5:59  Photon Cannon, Gateway  
  75  6:02  Probe  
  75  6:03  Gateway  
  76  6:04  Pylon  
  76  6:06  High Templar  
  76  6:07  High Templar, Probe  
  76  6:11  Pylon  
  81  6:14  Archon  
  81  6:15  Shield Battery  
  81  6:18  Phoenix  
  83  6:26  Pylon  
  83  6:27  Pylon, Zealot x2  
  83  6:30  Robotics Facility  
  83  6:32  Zealot  
  89  6:35  Probe x2  
  89  6:36  Probe  
  92  6:43  Pylon  
  92  6:47  Probe  
  92  6:53  High Templar x2  
  92  6:54  Zealot x4  
  103  6:58  Photon Cannon  
  103  7:00  Pylon  
  105  7:02  Zealot x2  
  105  7:05  Archon  
  104  7:20  Zealot x4  
  110  7:24  Zealot x2  
  110  7:28  Gateway  
  110  7:29  Zealot x2, Phoenix (Chrono Boost)  
  118  7:32  Observer  
  93  7:52  Zealot x5  
  93  7:53  Zealot x3  
Show
View Real Time Build Order
Export as new Build Order

Bunny Terran 

Build Orders:  

Get SALT Encoding   

  12  0:00  SCV  
  13  0:12  SCV  
  14  0:17  Supply Depot  
  14  0:24  SCV  
  15  0:38  SCV  
  15  0:40  Barracks  
  16  0:43  Refinery  
  16  0:50  SCV  
  17  1:03  SCV  
  18  1:15  SCV  
  19  1:26  Marine  
  19  1:27  Orbital Command  
  20  1:48  Command Center  
  20  1:49  Barracks Reactor  
  20  1:52  SCV  
  21  1:56  Supply Depot  
  21  2:04  Factory  
  21  2:08  SCV  
  22  2:19  Bunker  
  22  2:20  SCV  
  23  2:24  Marine  
  23  2:25  Marine  
  25  2:32  SCV, Refinery  
  26  2:42  Marine x2  
  28  2:49  Hellion  
  28  2:50  Starport  
  29  2:52  SCV  
  30  3:01  Orbital Command  
  30  3:04  SCV  
  31  3:07  Marine  
  31  3:12  Widow Mine  
  34  3:18  SCV  
  32  3:20  Marine  
  32  3:24  Marine  
  34  3:27  Medivac  
  34  3:28  SCV  
  34  3:30  SCV  
  38  3:35  Widow Mine  
  38  3:37  Supply Depot  
  38  3:40  SCV  
  41  3:42  SCV  
  41  3:45  Marine x2  
  44  3:55  SCV x2  
  41  4:03  Marine x2  
  41  4:07  SCV x2  
  44  4:11  Barracks, Factory Tech Lab  
  44  4:13  Starport Tech Lab  
  44  4:19  SCV x2  
  44  4:21  Engineering Bay, Marine  
  44  4:22  Marine  
  48  4:30  Barracks  
  48  4:34  SCV x2  
  48  4:37  Raven  
  52  4:40  Refinery  
  54  4:46  Factory Reactor  
  54  4:47  Supply Depot  
  54  4:48  SCV x2  
  54  4:53  Supply Depot  
  54  5:00  SCV  
  54  5:04  Marine  
  54  5:05  Marine  
  54  5:08  SCV  
  54  5:13  SCV  
  54  5:14  Stimpack  
  54  5:17  Marine  
  54  5:20  SCV  
  56  5:21  Marine  
  56  5:23  Marine  
  56  5:25  SCV, Terran Infantry Weapons Level 1  
  59  5:28  Starport Reactor  
  59  5:31  Supply Depot, Marine  
  59  5:32  SCV  
  59  5:35  Marine  
  62  5:39  SCV, Marine  
  62  5:41  Refinery, Marine  
  65  5:43  Supply Depot, Combat Shield  
  65  5:46  SCV  
  65  5:49  Marine  
  66  5:51  SCV  
  66  5:53  Marauder  
  69  5:58  SCV  
  69  6:00  Supply Depot, Marine x2  
  69  6:03  SCV  
  73  6:05  Medivac  
  73  6:07  Medivac  
  73  6:11  Widow Mine, Missile Turret  
  79  6:13  Widow Mine  
  79  6:16  SCV x2  
  79  6:18  Marine x2  
  85  6:22  Supply Depot  
  85  6:23  Marauder x2  
  89  6:27  Supply Depot  
  89  6:33  Missile Turret  
  89  6:35  Marine  
  89  6:36  Marine  
  89  6:37  Medivac  
  93  6:41  Supply Depot  
  93  6:44  Medivac  
  93  6:46  Widow Mine x2  
  97  6:53  Marine x2  
  97  6:54  Concussive Shells  
  99  7:03  Command Center  
  99  7:04  Marauder x2  
  100  7:11  Marine x2  
  100  7:13  Widow Mine x2  
  97  7:16  Barracks  
  97  7:17  Medivac  
  97  7:21  Medivac  
  97  7:30  Marine x2  
  97  7:32  Marauder  
  97  7:33  Barracks, Marauder  
  97  7:35  Widow Mine  
  105  7:39  SCV  
  105  7:40  SCV  
Tags
 
Add a new tag
Caveats
  • Supply blocks, unpowered buildings, or Contaminate may cause inaccurate times.
  • Supply counts are checked every 10 seconds.